 Dungeon Crawl Stone Soup version 0.24.1-4-ge52af88ad5 (webtiles) character file.

Game seed: 570155302126381055, levelgen mode: deterministic

53 yuggaggi the Caller (level 3, -3/20 HPs)
             Began as a Tengu Summoner on Apr 16, 2020.
             Killed from afar by an orc wizard (6 damage)
             ... with a magic dart
             ... on level 2 of the Dungeon.
             The game lasted 00:04:36 (2037 turns).

yuggaggi the Caller (Tengu Summoner)                Turns: 2037, Time: 00:04:37

Health: -3/20      AC:  5    Str:  9    XL:     3   Next: 89%
Magic:  4/7        EV: 10    Int: 15    God:
Gold:   98         SH:  0    Dex: 14    Spells: 0/6 levels left

rFire    . . .     SeeInvis .   i - +0 club
rCold    . . .     Gourm    .   (no shield)
rNeg     . . .     Faith    .   l - +0 ring mail
rPois    .         Spirit   .   (helmet restricted)
rElec    .         Reflect  .   (no cloak)
rCorr    .         Harm     .   (no gloves)
MR       .....                  (boots unavailable)
Stlth    +.........             (no amulet)
HPRegen  0.06/turn              (no ring)
MPRegen  0.10/turn              (no ring)

@: no status effects
A: beak, talons 3
a: no special abilities


You were on level 2 of the Dungeon.
You were not hungry.

You visited 1 branch of the dungeon, and saw 2 of its levels.

You collected 98 gold pieces.

Inventory:

Hand Weapons
 d - a +0 mace
 f - a +0 spear
 i - a +0 club (weapon)
Missiles
 m - 5 boomerangs (quivered)
Armour
 a - a +0 robe
 l - a +0 ring mail (worn)
Jewellery
 k - an uncursed amulet of faith {unknown}
Scrolls
 e - a scroll of magic mapping {unknown}
 g - a scroll of teleportation {unknown}
 j - a scroll of identify {unknown}
 p - a scroll of amnesia {unknown}
 q - a scroll of blinking {unknown}
Potions
 b - a potion of ambrosia {unknown}
 h - 2 potions of heal wounds {unknown}
 n - a potion of curing {unknown}
Comestibles
 c - 6 rations
 o - 10 chunks of flesh


   Skills:
 + Level 0.5 Fighting
 + Level 0.7 Maces & Flails
 * Level 1.5 Armour
 - Level 2.1 Dodging
 - Level 2.0 Stealth
 + Level 2.4 Spellcasting
 + Level 5.5 Summonings


You couldn't memorise any spells.
You knew the following spells:

 Your Spells              Type           Power        Failure   Level  Hunger
a - Summon Small Mammal   Summ           ###.         6%          1    #......
b - Call Imp              Summ           ###.....     9%          2    ###....
c - Call Canine Familiar  Summ           ###.....     17%         3    ###....

Your spell library contained the following spells:

 Spells                   Type           Power        Failure   Level  Hunger
 Summon Guardian Golem    Hex/Summ       ##......     50%         3    ###....
 Summon Ice Beast         Ice/Summ       ##......     88%         4    #####..
 Summon Lightning Spire   Summ/Air       ##......     88%         4    #####..


Dungeon Overview and Level Annotations

Branches:
Dungeon (2/15)

Altars:
Dithmenos
Hepliaklqana

Annotations:
D:1 exclusion: downstairs


Innate Abilities, Weirdness & Mutations

You have a beak for a mouth.
You have claws for feet.


Message History

t - Shout!
Orders for allies: a - Attack new target. r - Retreat! s - Stop attacking. g - Guard the area. f - Follow me.
Anything else - Cancel.
Gang up on whom?
Press: ? - help, Dir - move target cursor, f - orc
Aim: an orc, wielding a +0 dagger Attack!
Your crimson imp blinks!
o - 10 chunks of flesh (gained 3)
Your shadow imp barely misses the orc.
An orc wizard comes into view. It is wielding a +0 dagger.
Your white imp completely misses the orc.
Your shadow imp closely misses the orc.
An orc comes into view.
It is wielding a +1 dagger of electrocution.
The orc barely misses your white imp. The orc wizard casts a spell at you.
The magic dart hits you.
You die...

............ #.#.#.#####........
.##.###.... #.#.#.# ###........
....###....####.#...###..........
........#o##.........##..........
.........)).)........##...§......
........)..........>)....#§#.....
......).)..†).#5......#§§§#....
.......o...5..#......#.#§#§#...
...........o5.@......§§.§§§....
.....................#.#§#§#...
...........###....#.###§§.#....
...........###......#..#§#.....
#..............................
..................#......
#####.............#......
#.............÷...........
............†............


You could see an orc wizard, 2 orcs, a friendly crimson imp, a friendly white
imp and a friendly shadow imp.

Vanquished Creatures
  3 dart slugs (D:1)
  A giant cockroach (D:1)
  4 goblins
  A hobgoblin (D:1)
  3 frilled lizards (D:1)
  3 rats
15 creatures vanquished.

Vanquished Creatures (collateral kills)
  Robin (D:2)
  An adder (D:2)
  An ooze (D:1)
  A worm (D:2)
  A dart slug (D:1)
  A leopard gecko (D:2)
  10 goblins
  6 jackals
  A frilled lizard (D:2)
  A kobold (D:1)
24 creatures vanquished.

Grand Total: 39 creatures vanquished

Notes
Turn   | Place    | Note
-------+----------+-------------------------------------------
     0 | D:1      | yuggaggi the Tengu Summoner began the quest for the Orb.
     0 | D:1      | Reached XP level 1. HP: 10/10 MP: 4/4
   377 | D:1      | Reached skill level 5 in Summonings
   607 | D:1      | Reached XP level 2. HP: 6/15 MP: 1/6
   782 | D:1      | Learned a level 2 spell: Call Imp
  1012 | D:1      | Reached skill level 1 in Armour
  1428 | D:1      | Reached XP level 3. HP: 17/20 MP: 7/7
  1433 | D:1      | Learned a level 3 spell: Call Canine Familiar
  1821 | D:2      | Noticed Robin
  1897 | D:2      | Found a shadowy altar of Dithmenos.
  1999 | D:2      | Found a hazy altar of Hepliaklqana.
  2019 | D:2      | Killed Robin
  2037 | D:2      | Killed from afar by an orc wizard

Levels and vault maps discovered:
D:1:      dpeg_arrival_orchard, layout_basic, grunt_decor_resistance
D:2:      layout_basic, overflow_temple_1_default, tgw_trog, first_ration,
          grunt_dithmenos_smoke_and_mirrors, uniq_robin, uniq_jessica

Skill      XL: |  1  2 |
---------------+-------+-----
Summonings     | 5 |  5.5
Armour         | 1 |  1.5
Fighting       | |  0.5
Maces & Flails | |  0.7
Dodging        | |  2.1
Stealth        | |  2.0
Spellcasting   | |  2.4

Action                   || total
-------------------------++-------
Melee: Club              ||    58
       Unarmed           ||     5
       Peck              ||    10
       Kick              ||     7
 Cast: Summon Small Mamm ||    12
       Call Imp          ||     9
       Call Canine Famil ||     1
 Stab: Sleeping          ||     4
  Eat: Chunk             ||     4
Armor: Robe              ||    14
       Ring mail         ||    10
Dodge: Dodged            ||    48
